 Dungeon Crawl Stone Soup version 0.20.1-1-g8b1a95d (webtiles) character file.

247248 vishdafish the Hand of Fortune (level 19, -12/147 HPs)
             Began as a Demonspawn Fighter on July 4, 2017.
             Was the Champion of Nemelex Xobeh.
             Killed by drain life
             ... invoked by a soul eater
             ... summoned by a deep elf demonologist
             ... led by an ironheart preserver
              (16 damage)
             ... on level 3 of the Vaults.
             The game lasted 02:04:51 (38498 turns).

vishdafish the Hand of Fortune (DsFi)              Turns: 38498, Time: 02:04:54

Health: -12/147    AC: 31    Str: 30    XL:     19   Next: 22%
Magic:  24/34      EV: 12    Int: 10    God:    Nemelex Xobeh [******]
Gold:   1775       SH: 23    Dex: 14    Spells: 16/18 levels left

rFire    . . .     SeeInvis .   d - +3 demon trident (vamp)
rCold    + . .     Gourm    .   a - +2 large shield {rPois}
rNeg     . . .     Faith    .   l - +5 plate armour of Tewouh {rCorr}
rPois    +         Spirit   .   (helmet unavailable)
rElec    .         Reflect  .   w - +0 cloak
rCorr    +         Harm     .   (no gloves)
MR       +....                  y - +0 pair of boots
Stlth    ..........             f - amulet of regeneration
Regen    1.2/turn               C - +5 ring of strength
MPRegen  0.3/turn               (no ring)

@: lethally poisoned (-12 -> -12), slowed, very slow
A: horns 3, iridescent scales 3, agile 1, cold resistance 1, demonic guardian 3,
icemail, mutation resistance 2, regeneration 1, robust 1, freezing cloud
immunity
}: 1/15 runes: serpentine
a: Triple Draw, Deal Four, Stack Five, Renounce Religion


You were on level 3 of the Vaults.
You worshipped Nemelex Xobeh.
Nemelex Xobeh was exalted by your worship.
You were not hungry.

You visited 6 branches of the dungeon, and saw 31 of its levels.
You also visited: Trove, Ossuary and Bailey.

You collected 2799 gold pieces.
You spent 1024 gold pieces at shops.

Inventory:

Hand Weapons
 d - a +3 vampiric demon trident (weapon)
Armour
 a - a +2 large shield of poison resistance (worn)
 l - the +5 plate armour of Tewouh (worn) {rCorr}
   (You found it on level 2 of the Snake Pit)

   It protects you from acid and corrosion.
 w - a +0 cloak (worn)
 y - a +0 pair of boots (worn)
Jewellery
 f - an amulet of regeneration (around neck)
 C - a +5 ring of strength (left hand)
Wands
 R - a wand of digging (16/24)
Scrolls
 b - 5 scrolls of vulnerability
 g - 12 scrolls of remove curse
 k - 4 scrolls of fog
 p - 6 scrolls of teleportation
 s - 7 scrolls of enchant armour
 v - 3 scrolls of fear
 B - 5 scrolls of recharging
 D - 3 scrolls of enchant weapon
 G - a scroll of amnesia
 H - 5 scrolls of magic mapping
 M - 5 scrolls of blinking
 N - 7 scrolls of immolation
Potions
 e - 4 potions of invisibility
 h - 7 potions of flight
 j - 7 potions of brilliance
 m - a potion of cancellation
 t - 10 potions of curing
 x - 6 potions of might
 z - 4 potions of haste
 A - 2 potions of resistance
 E - a potion of agility
 L - a potion of heal wounds
 Q - 7 potions of mutation
Miscellaneous
 i - an ornate deck of destruction
 o - a legendary deck of destruction {drawn: 7}
 q - a legendary deck of destruction
 r - a legendary deck of summoning {drawn: 4}
 F - a legendary deck of summoning
 I - a legendary deck of summoning {drawn: 2}
 J - an ornate deck of destruction
 K - a legendary deck of destruction
 O - a plain deck of summoning {drawn: 8}
 P - a plain deck of summoning
 S - a legendary deck of summoning
 T - a plain deck of summoning
 U - an ornate deck of destruction
 V - a legendary deck of summoning {drawn: 1}
 W - an ornate deck of summoning {drawn: 2}
 X - a legendary deck of destruction
 Y - a legendary deck of destruction
 Z - an ornate deck of destruction
Comestibles
 c - 3 meat rations
 n - 2 chunks of flesh
 u - 36 fruits


   Skills:
 - Level 8.0 Fighting
 - Level 16.0 Polearms
 + Level 15.5 Armour
 + Level 10.4 Dodging
 - Level 2.4 Stealth
 + Level 13.2 Shields
 * Level 22.8 Invocations


You had 16 spell levels left.
You knew the following spells:

 Your Spells              Type           Power        Failure   Level  Hunger
a - Passwall              Tmut/Erth      #.........   100%        2    ###....


Dungeon Overview and Level Annotations

Branches:
Dungeon (15/15)            Temple (1/1) D:7            Lair (6/6) D:10
  Swamp (0/4) Lair:4        Snake (4/4) Lair:4        Slime (0/5) Lair:5
    Orc (2/2) D:11            Elf (0/3) Orc:2        Vaults (3/5) D:14
  Crypt (0/3) Vaults:2     Depths (0/5) D:15

Altars:
Ashenzari
Cheibriados
Dithmenos
Fedhas
Hepliaklqana
Kikubaaqudgha
Nemelex Xobeh
Qazlal
Ru
Sif Muna
Vehumet
Yredelemnul
The Shining One
Beogh
Jiyva

Shops:
D:5 :   D:8 (}([   D:15 !   Orc:1 ?   Orc:2 *=([   Snake:4 ?[*[   Vaults:1 ?
Vaults:3 [


Innate Abilities, Weirdness & Mutations

You have a pair of large horns on your head.
You are completely covered in iridescent scales. (AC +6)
Your flesh is cold resistant. (rC+)
A powerful demonic guardian rushes to your aid.
A meltable icy envelope protects you from harm. (AC +0)
You are robust. (+10% HP)
You are immune to freezing clouds.
You are agile. (Dex +2)
You are somewhat resistant to both further mutation and mutation removal.
Your natural rate of healing is unusually fast.


Message History

The sixfirhy burns! x2; The deep elf demonologist burns! x2
The deep elf mage burns! x2; The redback burns!
You block the Executioner's attack. x2; The Executioner hits you.
* * * LOW HITPOINT WARNING * * *
The Executioner hits you but does no damage.
The Executioner barely misses you. You block the Executioner's attack.
The Executioner hits you but does no damage. x2
You block the Executioner's attack. Something hits you.
* * * LOW HITPOINT WARNING * * *
You feel your power leaking away.
The deep elf mage casts a spell.
The redback bites you.
* * * LOW HITPOINT WARNING * * *
The deep elf demonologist hits you but does no damage.
The Executioner hits you!
* * * LOW HITPOINT WARNING * * *
The Executioner hits you but does no damage. x2
The soul eater draws from the surrounding life force!
You die...
Your body glows with a rainbow of weird colours and disappears.

.#..#....# .#..#....#
##### #
################+######.
........................
.......:.....3s.344.....
.............res{1s.....
.............rse@e3§$...
###########'###########.
#...........
#...........
#....####... #..... ..
#..#.≈ #..#.≈ #..#.≈≈


You could see an Executioner, a soul eater, 2 demonic crawlers, a deep elf
demonologist (burning), a rust devil, 2 deep elf magi, a sixfirhy (burning), a
smoke demon, a chaos spawn, a tarantella (burning), a redback (burning) and 2
hell rats.

Vanquished Creatures
  Nikola (Snake:3)
  Rupert (D:15)
  Frances (Snake:1)
  A sphinx (Orc:2)
  Kirke (D:15)
  A tengu reaver (Vaults:1)
  3 fire giants
  7 nagarajas
  Louise (Snake:1)
  5 vault wardens
  4 ironheart preservers
  2 very ugly things (Vaults:1)
  A vampire knight (Vaults:2)
  4 stone giants
  A deep elf annihilator (Vaults:3)
  An eidolon (Vaults:2)
  An ettin (Orc:2)
  2 deep elf death magi
  A jiangshi (Vaults:2)
  The ghost of Inarius the Black Sun, a journeyman HONe of Kikubaaqudgha (Lair:2)
  A fire dragon (Vaults:1)
  8 vault guards
  A rakshasa (Vaults:1)
  2 yaktaur captains
  2 hydras
  6 anacondas
  8 naga warriors
  3 centaur warriors
  4 ogre magi
  A catoblepas (Lair:6)
  18 two-headed ogres
  A satyr (Orc:2)
  A vampire mage (Vaults:2)
  6 naga sharpshooters
  8 shock serpents
  5 death yaks
  An orc high priest (Orc:1)
  2 deep elf knights
  Sonja (D:13)
  2 unseen horrors
  3 wizards
  A small abomination (Vaults:3)
  3 salamander mystics (Snake:4)
  A skeletal warrior (Vaults:1)
  A glowing orange brain (Vaults:1)
  A deep elf archer (Vaults:2)
  3 naga ritualists
  A flayed ghost (Vaults:1)
  4 deep trolls (Vaults:2)
  4 mana vipers
  A necromancer (Vaults:1)
  6 orc knights
  A phantasmal warrior (Vaults:2)
  3 ironbrand convokers
  22 ugly things
  Pikel (D:8)
  6 deep elf magi
  13 cyclopes
  8 salamanders
  An orb spider (Snake:4)
  An elephant (Lair:6)
  4 manticores
  7 vault sentinels
  27 black mambas
  10 naga magi
  7 centaur skeletons
  2 guardian serpents
  A torpor snail (Lair:6)
  8 spiny frogs
  4 rime drakes
  3 efreet (D:15)
  A kobold demonologist (D:11)
  3 yaktaurs
  2 freezing wraiths
  9 komodo dragons
  7 trolls
  A tengu conjurer (Vaults:1)
  A jumping spider (shapeshifter) (D:15)
  A polar bear (Lair:6)
  2 hornets
  5 slime creatures
  32 blink frogs
  A bog body (Lair:4)
  13 hippogriffs
  A fire giant simulacrum (Vaults:2)
  6 wraiths
  Sigmund (D:6)
  A spriggan (shapeshifter) (Vaults:1)
  37 yaks
  2 shadows
  4 basilisks
  A golden eye (shapeshifter) (Vaults:1)
  A hog (Snake:4)
  A yak (shapeshifter) (D:13)
  2 wyverns
  2 hungry ghosts
  7 vampire mosquitoes (D:14)
  3 wargs
  39 nagas
  7 water moccasins
  4 acid dragons
  16 porcupines
  27 orc warriors
  3 eyes of draining
  4 ice beasts
  A sky beast (D:7)
  A swamp drake (D:11)
  2 elephant zombies (Lair:3)
  4 necrophages
  A boggart (Snake:4)
  A tengu (shapeshifter) (Vaults:2)
  18 ogres
  5 wolves
  10 centaurs
  13 crocodiles
  2 big kobolds
  5 bullfrogs
  17 scorpions
  10 killer bees
  6 wights
  2 electric eels
  4 howler monkeys
  3 centaur zombies
  6 crimson imps
  A quasit (D:11)
  2 human zombies (Ossuary)
  2 hounds
  6 jellies
  5 orc priests
  2 bullfrog skeletons (D:13)
  5 hell rats (Lair:2)
  4 iguanas
  10 orc wizards
  12 worker ants
  A killer bee zombie (D:6)
  2 big kobold zombies (Ossuary)
  2 hound zombies (D:5)
  2 hound skeletons
  4 mummies
  A howler monkey skeleton (D:4)
  26 adders
  6 gnolls
  2 scorpion zombies (Ossuary)
  15 river rats
  3 shadow imps
  An adder zombie (D:9)
  An adder skeleton (D:9)
  3 worms
  3 dart slugs
  7 leopard geckos
  72 orcs
  16 giant cockroaches
  4 gnoll zombies (Ossuary)
  4 goblins
  4 hobgoblins
  5 jackals
  10 quokkas
  7 ball pythons
  4 bats
  5 frilled lizards
  4 hobgoblin zombies (Ossuary)
  12 kobolds
  3 kobold zombies (Ossuary)
  A leopard gecko skeleton (D:4)
  3 orc zombies (Ossuary)
  A quokka skeleton (D:5)
  19 rats
  3 butterflies (D:12)
  A fungus (Lair:4)
943 creatures vanquished.

Vanquished Creatures (collateral kills)
  Saint Roka (Snake:2)
  Asterion (Snake:1)
  A lich (Vaults:1)
  Donald (Snake:2)
  A tengu reaver (Vaults:2)
  5 nagarajas
  A vault warden (Vaults:1)
  2 very ugly things (Vaults:1)
  4 ironheart preservers
  Nessos (Lair:4)
  An ettin (Orc:2)
  A yaktaur captain (Vaults:2)
  The ghost of simples the Unseen, a journeyman SpEn of Kikubaaqudgha (Lair:6)
  2 naga warriors (Snake:2)
  Josephine (Orc:2)
  A great orb of eyes (Vaults:1)
  3 hydras
  A centaur warrior (D:14)
  5 anacondas
  Erica (Lair:2)
  6 two-headed ogres
  2 catoblepae (Lair:6)
  A death knight (Vaults:1)
  9 death yaks
  An ogre mage (Vaults:1)
  3 shock serpents
  3 naga sharpshooters
  A deep elf knight (Vaults:1)
  3 skeletal warriors (D:12)
  An unseen horror (Vaults:1)
  A swamp dragon (Snake:4)
  2 wizards (Vaults:1)
  4 naga ritualists
  A lindwurm (Snake:4)
  3 ironbrand convokers (Vaults:1)
  A wolf spider (Vaults:1)
  5 mana vipers
  2 necromancers
  An orc knight (Vaults:1)
  2 orb spiders
  A faun (Snake:4)
  4 ugly things
  A shining eye (Snake:4)
  A slime creature (D:14)
  3 cyclopes
  3 salamanders
  An orc sorcerer (Snake:2)
  4 elephants (Lair:6)
  11 black mambas
  4 naga magi
  2 vault sentinels
  2 guardian serpents (Snake:4)
  A spiny frog (Lair:2)
  2 gargoyles
  A rime drake (Snake:4)
  2 komodo dragons (Snake:4)
  A freezing wraith (Vaults:1)
  A kobold demonologist (D:11)
  5 yaktaurs (Vaults:1)
  2 polar bears (Lair:5)
  Prince Ribbit (Lair:1)
  4 trolls
  2 hornets
  8 blink frogs
  4 hippogriffs
  A raiju (Lair:3)
  2 wyverns
  A spriggan (D:9)
  A wraith (Orc:2)
  27 yaks
  A hungry ghost (D:12)
  A basilisk (Lair:1)
  2 steam dragons
  16 nagas
  3 wargs
  4 water moccasins
  A porcupine (Lair:5)
  8 orc warriors
  A black bear (Lair:3)
  An ice beast (D:8)
  A sky beast (D:10)
  3 slaves (D:8)
  A hornet zombie (D:14)
  An ogre (Vaults:1)
  An elephant zombie (Lair:3)
  A wolf (Lair:4)
  2 centaurs
  2 crocodiles
  A big kobold (D:11)
  3 bullfrogs
  A gnoll sergeant (D:10)
  2 wights
  An electric eel (Lair:3)
  A crimson imp (D:10)
  7 orc priests
  A basilisk zombie (Lair:3)
  A hound (D:8)
  7 orc wizards
  A worker ant (D:12)
  A crocodile zombie (Lair:3)
  A hound zombie (D:8)
  10 gnolls
  A shadow imp (D:12)
  26 orcs
  2 giant cockroaches
  A jackal (D:7)
  3 kobolds (D:11)
  3 goblins (D:12)
  A fungus (Orc:2)
315 creatures vanquished.

Vanquished Creatures (others)
  A storm dragon (Snake:4)
  A vault warden (Vaults:1)
  A naga warrior (Snake:3)
  A centaur warrior (Vaults:1)
  A two-headed ogre (Vaults:1)
  2 naga sharpshooters (Snake:3)
  A deep elf knight (Vaults:2)
  A salamander mystic (Snake:3)
  A fire crab (Snake:4)
  An unseen horror (Snake:4)
  A harpy (shapeshifter) (Snake:4)
  A mana viper (Snake:3)
  An ugly thing (D:12)
  3 black mambas (Snake:3)
  A guardian serpent (Snake:4)
  2 naga magi (Snake:3)
  2 yaktaurs (Vaults:1)
  A polar bear (Lair:3)
  A hornet (Lair:3)
  A golden eye (Lair:3)
  A human (Snake:4)
  9 nagas
  A warg (Orc:2)
  An ice beast (Snake:4)
  3 orc warriors (Orc:2)
  An ogre (Vaults:1)
  A boggart (Snake:4)
  A centaur (Bailey)
  3 orc priests (Orc:2)
  An orc wizard (Orc:2)
  6 ball lightnings
  6 orcs
  17 fungi
  9 plants
  2 withered plants (D:11)
87 creatures vanquished.

Grand Total: 1345 creatures vanquished

Notes
Turn   | Place    | Note
-------+----------+-------------------------------------------
     0 | D:1      | vishdafish the Demonspawn Fighter began the quest for the Orb.
     0 | D:1      | Reached XP level 1. HP: 18/18 MP: 1/1
   142 | D:1      | Gained mutation: A weak demonic guardian rushes to your aid. [demonic ancestry]
   142 | D:1      | Reached XP level 2. HP: 14/24 MP: 2/2
   913 | D:2      | Reached XP level 3. HP: 29/29 MP: 3/3
  1297 | D:2      | Found a glowing golden altar of the Shining One.
  1671 | D:3      | Gained mutation: Your flesh is cold resistant. (rC+) [demonic ancestry]
  1671 | D:3      | Reached XP level 4. HP: 27/35 MP: 4/4
  2120 | D:4      | Reached XP level 5. HP: 4/41 MP: 5/5
  2426 | D:4      | Reached skill level 1 in Dodging
  3186 | D:4      | Gained mutation: You are immune to freezing clouds. [demonic ancestry]
  3186 | D:4      | Reached XP level 6. HP: 47/47 MP: 6/6
  3223 | D:5      | Entered Level 5 of the Dungeon
  3332 | D:5      | Reached skill level 1 in Stealth
  3746 | D:5      | Got a faintly glowing dagger
  3747 | D:5      | Identified the +4 dagger "Mud Pie of Death" {flame, rN+} (You found it on level 5 of the Dungeon)
  3852 | D:5      | Gained mutation: You have a pair of small horns on your head. [demonic ancestry]
  3852 | D:5      | Reached XP level 7. HP: 53/53 MP: 7/7
  3869 | D:5      | Found Xumaffuo's Book Shop.
  3971 | D:6      | Reached skill level 5 in Polearms
  4574 | D:6      | Noticed Sigmund
  4592 | D:6      | Killed Sigmund
  4764 | D:6      | Noticed a troll
  4814 | D:6      | HP: 2/81 [troll (5)]
  4820 | D:6      | Killed a troll
  4820 | D:6      | Gained mutation: You are partially covered in iridescent scales. (AC +2) [demonic ancestry]
  4820 | D:6      | Reached XP level 8. HP: 15/61 MP: 8/8
  5408 | D:7      | Found a snail-covered altar of Cheibriados.
  5465 | D:7      | Found a blossoming altar of Fedhas.
  5844 | D:7      | Reached skill level 5 in Armour
  5862 | D:7      | Reached skill level 5 in Shields
  5881 | D:7      | Found a staircase to the Ecumenical Temple.
  5888 | Temple   | Entered the Ecumenical Temple
  5908 | Temple   | Became a worshipper of Nemelex Xobeh the Trickster
  6051 | D:7      | Reached skill level 1 in Invocations
  6058 | D:7      | Received a gift from Nemelex Xobeh
  6072 | D:7      | Gained mutation: Your body sometimes deteriorates upon taking damage. [potion of mutation]
  6072 | D:7      | Gained mutation: Your spells are a little harder to cast, but a little more powerful. [potion of mutation]
  6072 | D:7      | Gained mutation: You have a pair of horns on your head. [potion of mutation]
  6072 | D:7      | Gained mutation: Your muscles are strong. (Str +2) [potion of mutation]
  6073 | D:7      | Gained mutation: Your mind is acute. (Int +2) [mutagenic meat]
  6074 | D:7      | Gained mutation: You expend magic power (3 MP) to strengthen your wands. [mutagenic meat]
  6075 | D:7      | Lost mutation: You expend magic power (3 MP) to strengthen your wands. [potion of mutation]
  6075 | D:7      | Lost mutation: You have a pair of horns on your head. [potion of mutation]
  6075 | D:7      | Lost mutation: Your body sometimes deteriorates upon taking damage. [potion of mutation]
  6075 | D:7      | Lost mutation: Your mind is acute. (Int +2) [potion of mutation]
  6075 | D:7      | Lost mutation: Your muscles are strong. (Str +2) [potion of mutation]
  6075 | D:7      | Gained mutation: You are agile. (Dex +2) [potion of mutation]
  6075 | D:7      | Lost mutation: Your spells are a little harder to cast, but a little more powerful. [potion of mutation]
  6075 | D:7      | Gained mutation: You are somewhat resistant to further mutation. [potion of mutation]
  6267 | D:7      | Reached skill level 5 in Fighting
  6267 | D:7      | Reached skill level 2 in Invocations
  6267 | D:7      | Gained mutation: A demonic guardian rushes to your aid. [demonic ancestry]
  6267 | D:7      | Reached XP level 9. HP: 66/68 MP: 10/10
  6640 | D:8      | Found Misot's Gadget Emporium.
  6648 | D:8      | Reached skill level 3 in Invocations
  6657 | D:8      | Found Eqybre's Antique Armour Boutique.
  6663 | D:8      | Received a gift from Nemelex Xobeh
  6863 | D:8      | Noticed Pikel
  6866 | D:8      | Reached * piety under Nemelex Xobeh
  6878 | D:8      | Killed Pikel
  6878 | D:8      | Reached skill level 4 in Invocations
  6936 | D:8      | Received a gift from Nemelex Xobeh
  6959 | D:8      | Found Hayset's Weapon Shop.
  6998 | D:8      | Found Wuxozu's Antique Weapon Emporium.
  7064 | D:8      | Found a sand-covered staircase.
  7070 | Ossuary  | Entered an ossuary
  7266 | Ossuary  | Reached skill level 5 in Invocations
  7899 | D:9      | Received a gift from Nemelex Xobeh
  7912 | D:9      | Noticed a troll
  7916 | D:9      | Killed a troll
  7916 | D:9      | Reached skill level 6 in Invocations
  7920 | D:9      | Gained mutation: You have a pair of horns on your head. [demonic ancestry]
  7920 | D:9      | Reached XP level 10. HP: 70/76 MP: 12/14
  8184 | D:9      | Reached ** piety under Nemelex Xobeh
  8453 | D:10     | Entered Level 10 of the Dungeon
  8517 | D:10     | Received a gift from Nemelex Xobeh
  8688 | D:10     | Found a staircase to the Lair.
  8720 | D:10     | Noticed a two-headed ogre
  8725 | D:10     | Reached skill level 7 in Invocations
  8735 | D:10     | Killed a two-headed ogre
  9088 | D:10     | Noticed a gargoyle
  9099 | D:10     | Killed a gargoyle
  9450 | D:11     | Reached skill level 8 in Invocations
  9467 | D:11     | Received a gift from Nemelex Xobeh
  9479 | D:11     | Reached *** piety under Nemelex Xobeh
  9487 | D:11     | Noticed an orange demon
  9582 | D:11     | Noticed a purple ugly thing
  9586 | D:11     | Killed a purple ugly thing
  9595 | D:11     | Received a gift from Nemelex Xobeh
  9749 | D:11     | Noticed a cyclops
  9757 | D:11     | Found a staircase to the Orcish Mines.
  9760 | D:11     | Killed a cyclops
  9979 | D:11     | Reached skill level 9 in Invocations
  9979 | D:11     | Gained mutation: You are mostly covered in iridescent scales. (AC +4) [demonic ancestry]
  9979 | D:11     | Reached XP level 11. HP: 82/84 MP: 15/17
 10162 | D:11     | Found a portal to a secret trove of treasure.
 10230 | D:11     | Killed an unseen horror
 10340 | D:11     | Noticed a two-headed ogre
 10346 | D:11     | Killed a two-headed ogre
 10573 | D:11     | Reached skill level 10 in Invocations
 10927 | D:12     | Noticed a skeletal warrior
 10932 | D:12     | Noticed a skeletal warrior
 10937 | D:12     | Noticed a skeletal warrior
 10939 | D:12     | Noticed a red ugly thing
 10946 | D:12     | Killed a skeletal warrior
 10953 | D:12     | Killed a red ugly thing
 10953 | D:12     | Killed a skeletal warrior
 10954 | D:12     | Killed a skeletal warrior
 11007 | D:12     | Found a flagged portal.
 11027 | Bailey   | Entered a bailey
 11390 | Bailey   | Received a gift from Nemelex Xobeh
 12041 | Bailey   | Reached skill level 10 in Polearms
 12392 | Bailey   | Reached skill level 11 in Invocations
 13364 | D:12     | Found a runed door.
 13367 | D:12     | Found a runed door.
 13518 | D:12     | Found a sparkling altar of Nemelex Xobeh.
 13605 | D:12     | Received a gift from Nemelex Xobeh
 13653 | D:12     | Gained mutation: You have a pair of large horns on your head. [demonic ancestry]
 13653 | D:12     | Reached XP level 12. HP: 79/92 MP: 16/20
 13743 | D:12     | Reached **** piety under Nemelex Xobeh
 13799 | D:12     | Reached skill level 10 in Armour
 13842 | D:12     | Noticed a two-headed ogre
 13848 | D:12     | Killed a two-headed ogre
 13918 | D:12     | Gained mutation: A meltable icy envelope protects you from harm. (AC +0) [demonic ancestry]
 13918 | D:12     | Reached XP level 13. HP: 97/98 MP: 21/21
 14022 | Lair:1   | Entered Level 1 of the Lair of Beasts
 14031 | Lair:1   | Received a gift from Nemelex Xobeh
 14369 | Lair:1   | Received a gift from Nemelex Xobeh
 14639 | Lair:1   | Noticed Prince Ribbit
 14645 | Lair:1   | Killed Prince Ribbit
 15039 | Lair:1   | Found a stormy altar of Qazlal.
 15043 | Lair:1   | Reached ***** piety under Nemelex Xobeh
 15251 | Lair:2   | Received a gift from Nemelex Xobeh
 15295 | Lair:2   | Noticed Erica
 15312 | Lair:2   | Killed Erica
 15606 | Lair:2   | Received a gift from Nemelex Xobeh
 15843 | Lair:2   | Noticed Inarius's ghost (journeyman HONe)
 15882 | Lair:2   | Killed Inarius's ghost
 16853 | Lair:3   | Received a gift from Nemelex Xobeh
 17273 | Lair:3   | Received a gift from Nemelex Xobeh
 18512 | Lair:4   | Noticed Nessos
 18520 | Lair:4   | Killed Nessos
 18520 | Lair:4   | Reached skill level 12 in Invocations
 18798 | Lair:4   | Received a gift from Nemelex Xobeh
 18827 | Lair:4   | Gained mutation: You are completely covered in iridescent scales. (AC +6) [demonic ancestry]
 18827 | Lair:4   | Reached XP level 14. HP: 91/105 MP: 21/23
 18881 | Lair:4   | You fall through a shaft!
 19423 | Lair:4   | Found a staircase to the Snake Pit.
 19438 | Lair:4   | Received a gift from Nemelex Xobeh
 19670 | Lair:4   | Received a gift from Nemelex Xobeh
 19691 | Lair:4   | Identified a scroll of acquirement
 19975 | Lair:4   | Found a staircase to the Swamp.
 20165 | Lair:5   | Reached skill level 13 in Invocations
 20185 | Lair:5   | Reached ****** piety under Nemelex Xobeh
 20218 | Lair:5   | Received a gift from Nemelex Xobeh
 20224 | Lair:5   | Found a viscous altar of Jiyva.
 20224 | Lair:5   | Found a staircase to the Slime Pits.
 20462 | Lair:5   | Received a gift from Nemelex Xobeh
 20813 | Lair:6   | Entered Level 6 of the Lair of Beasts
 21321 | Lair:6   | Reached skill level 14 in Invocations
 21655 | Lair:6   | Received a gift from Nemelex Xobeh
 22230 | Lair:6   | Noticed simples's ghost (journeyman SpEn)
 22262 | Lair:6   | Killed simples's ghost
 22436 | Lair:6   | Received a gift from Nemelex Xobeh
 22436 | Lair:6   | Received a gift from Nemelex Xobeh
 23250 | Orc:1    | Entered Level 1 of the Orcish Mines
 23250 | Orc:1    | Found Geakhleo's Magic Scroll Shop.
 23380 | Orc:1    | Bought a scroll of identify for 28 gold pieces
 23380 | Orc:1    | Bought a scroll of identify for 28 gold pieces
 23380 | Orc:1    | Bought a scroll of identify for 28 gold pieces
 23382 | Orc:1    | Bought a scroll of blinking for 105 gold pieces
 23437 | Orc:1    | Found a roughly hewn altar of Beogh.
 23531 | Orc:1    | Reached skill level 15 in Invocations
 23991 | Orc:2    | Entered Level 2 of the Orcish Mines
 24000 | Orc:2    | Found a staircase to the Elven Halls.
 24039 | Orc:2    | Gained mutation: You are robust. (+10% HP) [demonic ancestry]
 24039 | Orc:2    | Reached XP level 15. HP: 86/121 MP: 21/26
 24329 | Orc:2    | Found Fonn's Antique Armour Boutique.
 24521 | Orc:2    | Found Tocvo's General Store.
 24536 | Orc:2    | Bought a scroll of identify for 32 gold pieces
 24570 | Orc:2    | Noticed Josephine
 24577 | Orc:2    | Killed Josephine
 24616 | Orc:2    | Received a gift from Nemelex Xobeh
 24625 | Orc:2    | Found Jaimyg's Jewellery Shop.
 24633 | Orc:2    | Bought an uncursed ring of poison resistance for 200 gold pieces
 24754 | Orc:2    | Found Zimm's Antique Weapon Boutique.
 24772 | Orc:2    | Noticed an orc warlord
 24785 | Orc:2    | Noticed a sphinx
 24785 | Orc:2    | an orc warlord changed into a sphinx
 24786 | Orc:2    | Killed a sphinx
 25517 | Snake:1  | Entered Level 1 of the Snake Pit
 25711 | Snake:1  | Got a shimmering spear
 25712 | Snake:1  | Identified the cursed +1 spear of Indignation {drain, rElec MR+} (You found it on level 1 of the Snake Pit)
 25819 | Snake:1  | Received a gift from Nemelex Xobeh
 25837 | Snake:1  | Noticed Frances
 25849 | Snake:1  | Killed Frances
 25849 | Snake:1  | Reached skill level 16 in Invocations
 26391 | Snake:1  | Noticed Louise
 26411 | Snake:1  | Killed Louise
 26550 | Snake:1  | Noticed Asterion
 26567 | Snake:1  | Killed Asterion
 27066 | Snake:2  | Received a gift from Nemelex Xobeh
 27151 | Snake:2  | Got a scorched plate armour
 27157 | Snake:2  | Identified the +5 plate armour of Tewouh {rCorr} (You found it on level 2 of the Snake Pit)
 27398 | Snake:2  | Noticed Donald
 27401 | Snake:2  | Noticed Saint Roka
 27402 | Snake:2  | Noticed a nagaraja
 27405 | Snake:2  | Killed Donald
 27427 | Snake:2  | Killed a nagaraja
 27427 | Snake:2  | Reached skill level 10 in Shields
 27462 | Snake:2  | Killed Saint Roka
 27682 | Snake:2  | Reached skill level 17 in Invocations
 28391 | Snake:3  | Received a gift from Nemelex Xobeh
 28499 | Snake:3  | Reached XP level 16. HP: 128/128 MP: 28/28
 28997 | Snake:3  | Noticed Nikola
 29009 | Snake:3  | Killed Nikola
 29039 | Snake:3  | Received a gift from Nemelex Xobeh
 29315 | Snake:3  | Reached skill level 18 in Invocations
 29436 | Snake:3  | Found a runed door.
 29798 | Snake:3  | Identified the Incunabulum of Cankerous Weightlessness
 29968 | Snake:4  | Entered Level 4 of the Snake Pit
 30018 | Snake:4  | Found Oruumut's Antique Armour Boutique.
 30189 | Snake:4  | Found Jamuyn's Antique Armour Boutique.
 30197 | Snake:4  | Bought a shiny large shield for 315 gold pieces
 30224 | Snake:4  | Found a shattered altar of Ashenzari.
 30229 | Snake:4  | Found Antaq's Assorted Antiques.
 30328 | Snake:4  | Received a gift from Nemelex Xobeh
 30532 | Snake:4  | Reached skill level 19 in Invocations
 30653 | Snake:4  | Reached skill level 15 in Polearms
 30902 | Snake:4  | Reached XP level 17. HP: 119/134 MP: 30/30
 31532 | Snake:4  | Got a serpentine rune of Zot
 31694 | Snake:4  | Received a gift from Nemelex Xobeh
 31700 | Snake:4  | Found Xowas's Magic Scroll Shoppe.
 31743 | Snake:4  | Bought a scroll of identify for 24 gold pieces
 31743 | Snake:4  | Bought a scroll of identify for 24 gold pieces
 31743 | Snake:4  | Bought a scroll of identify for 24 gold pieces
 31802 | Snake:4  | Reached skill level 20 in Invocations
 32390 | D:13     | Noticed Sonja
 32414 | D:13     | Killed Sonja
 32456 | D:13     | Received a gift from Nemelex Xobeh
 32955 | D:13     | Found a shadowy altar of Dithmenos.
 33081 | D:14     | Received a gift from Nemelex Xobeh
 33156 | D:14     | Learned a level 2 spell: Passwall
 33402 | D:14     | Received a gift from Nemelex Xobeh
 33455 | D:14     | Found a sacrificial altar of Ru.
 33521 | D:14     | Found a gate to the Vaults.
 33875 | D:11     | You paid a toll of 18 scrolls of identify to enter a treasure trove
 33876 | Trove    | Entered a treasure trove
 33895 | Trove    | Got a dazzling demon trident
 33927 | Trove    | Identified the +6 demon trident of Resourcefulness {drain, MR- Str+5} (You found it in a treasure trove)
 34039 | D:15     | Entered Level 15 of the Dungeon
 34046 | D:15     | Found a staircase to the Depths.
 34051 | D:15     | Noticed Rupert
 34053 | D:15     | Paralysed by Rupert for 7 turns
 34078 | D:15     | Killed Rupert
 34129 | D:15     | Received a gift from Nemelex Xobeh
 34187 | D:15     | Noticed Kirke
 34195 | D:15     | Killed Kirke
 34225 | D:15     | Found Uzyky's Distillery.
 34228 | D:15     | Bought a potion of heal wounds for 80 gold pieces
 34440 | D:15     | Received a gift from Nemelex Xobeh
 34915 | Vaults:1 | Entered Level 1 of the Vaults
 34998 | Vaults:1 | Reached skill level 21 in Invocations
 35005 | Vaults:1 | Reached XP level 18. HP: 79/141 MP: 32/32
 35142 | Vaults:1 | Gained mutation: Your natural rate of healing is unusually fast. [mutagenic meat]
 35148 | Vaults:1 | Gained mutation: You are somewhat resistant to both further mutation and mutation removal. [mutagenic meat]
 35234 | Vaults:1 | Received a gift from Nemelex Xobeh
 35598 | Vaults:1 | Found a radiant altar of Vehumet.
 35954 | Vaults:1 | Found Ylau's Magic Scroll Emporium.
 35962 | Vaults:1 | Bought a scroll of identify for 34 gold pieces
 35962 | Vaults:1 | Bought a scroll of identify for 34 gold pieces
 35962 | Vaults:1 | Bought a scroll of identify for 34 gold pieces
 35962 | Vaults:1 | Bought a scroll of identify for 34 gold pieces
 36005 | Vaults:1 | Received a gift from Nemelex Xobeh
 36526 | Vaults:2 | Reached skill level 15 in Armour
 36644 | Vaults:2 | Received a gift from Nemelex Xobeh
 36809 | Vaults:2 | Reached skill level 22 in Invocations
 37054 | Vaults:2 | Received a gift from Nemelex Xobeh
 37528 | Vaults:2 | You fall through a shaft!
 37528 | Vaults:3 | Received a gift from Nemelex Xobeh
 37638 | Vaults:3 | Found Siath's Armour Boutique.
 37689 | Vaults:2 | Reached skill level 10 in Dodging
 37725 | Vaults:2 | Paralysed by a vampire knight for 4 turns
 37751 | Vaults:2 | Found a staircase to the Crypt.
 37806 | Vaults:2 | Received a gift from Nemelex Xobeh
 37806 | Vaults:2 | Received a gift from Nemelex Xobeh
 37874 | Vaults:2 | Gained mutation: A powerful demonic guardian rushes to your aid. [demonic ancestry]
 37874 | Vaults:2 | Reached XP level 19. HP: 147/147 MP: 34/34
 38498 | Vaults:3 | HP: 4/147 [Executioner[an ironheart preserver] (11)]
 38498 | Vaults:3 | Killed from afar by a soul eater

Skill      XL: |  1  2  3  4  5  6  7  8  9 10 11 12 13 14 15 16 17 18 |
---------------+-------------------------------------------------------+-----
Armour         | 3 4 5 6 9 10 14 15 | 15.5
Polearms       | 2 3 4 5 6 8 9 10 12 13 15 16 | 16.0
Shields        | 3 4 5 6 7 9 10 11 12 13 | 13.2
Dodging        | 1 2 8 10 | 10.4
Stealth        | 1 2 |  2.4
Fighting       | 4 5 6 7 8 |  8.0
Invocations    | 2 6 9 11 12 15 17 19 21 22 | 22.8

Action                   |  1- 3 |  4- 6 |  7- 9 | 10-12 | 13-15 | 16-18 | 19-21 || total
-------------------------+-------+-------+-------+-------+-------+-------+-------++-------
Melee: Trident           |   157 |   260 |   556 |   686 |  1921 |  1286 |       ||  4866
       Headbutt          |       |       |   109 |   148 |   486 |   498 |    49 ||  1290
       Spear             |       |       |       |       |    93 |       |       ||    93
       Demon trident     |       |       |       |       |       |   947 |   141 ||  1088
Evoke: Wand              |       |     1 |     3 |     6 |       |       |       ||    10
       Deck              |       |       |     2 |    17 |    43 |    48 |    12 ||   122
  Use: Scroll            |       |     3 |    17 |     3 |     3 |     6 |       ||    32
       Potion            |       |       |     8 |     1 |     2 |     4 |       ||    15
 Stab: Distracted        |       |     1 |     3 |     4 |    11 |     5 |       ||    24
       Sleeping          |       |       |     2 |     1 |     2 |       |       ||     5
       Confused          |       |       |       |     1 |       |       |       ||     1
       Petrified         |       |       |       |       |       |     4 |       ||     4
       Petrifying        |       |       |       |       |       |     1 |       ||     1
       Paralysed         |       |       |       |       |       |     1 |       ||     1
  Eat: Chunk             |     3 |     2 |     7 |     5 |     9 |     7 |     3 ||    36
       Bread ration      |       |     1 |     1 |     4 |     2 |     2 |       ||    10
       Meat ration       |       |       |     1 |       |     3 |     6 |       ||    10
       Royal jelly       |       |       |     2 |       |    10 |     1 |       ||    13
Armor: Scale mail        |    57 |    92 |    22 |       |       |       |       ||   171
       Skin              |       |       |    40 |       |       |       |       ||    40
       Ring mail         |       |       |   170 |   223 |   469 |       |       ||   862
       Plate armour      |       |       |       |       |    80 |   742 |   108 ||   930
Dodge: Dodged            |    40 |    75 |   183 |   193 |   645 |   366 |    60 ||  1562
Block: Shield            |    64 |   113 |   317 |   348 |   728 |   205 |       ||  1775
       Large shield      |       |       |       |       |    90 |  1233 |   133 ||  1456
       Reflection        |       |       |       |       |    14 |    14 |       ||    28
